 Dungeon Crawl Stone Soup version 0.28-a0-802-g09f76e8c00 (webtiles) character file.

Game seed: 321024200611592431

36 bande the Covered (level 3, -16/24 HPs)
             Began as a Gargoyle Fighter on Nov 7, 2021.
             Blown up by Ijyb (30 damage)
             ... with a mindburst bolt
             ... on level 2 of the Dungeon.
             The game lasted 00:02:06 (1350 turns).

bande the Covered (Gargoyle Fighter)                Turns: 1350, Time: 00:02:06

Health: -16/24     AC: 13    Str: 20    XL:     3   Next: 37%
Magic:  3/3        EV:  9    Int:  8    God:
Gold:   42         SH:  5    Dex: 15    Spells: 2/2 levels left

rFire   . . .      SeeInvis .   a - +0 war axe
rCold   . . .      Faith    .   c - +0 buckler
rNeg    + . .      Spirit   .   b - +0 scale mail
rPois   ∞          Reflect  .   j - +2 helmet
rElec   +          Harm     .   (no cloak)
rCorr   .          Rampage  .   (no gloves)
Will    .....                   (no boots)
Stlth   ..........              (no amulet)
HPRegen 0.08/turn               i - +6 ring of dexterity
MPRegen 0.08/turn               (no ring)

@: no status effects
A: sickness immunity, AC +3, negative energy resistance 1, electricity
resistance, torment resistance 1, petrification resistance
a: no special abilities


You were on level 2 of the Dungeon.
You visited 1 branch of the dungeon, and saw 2 of its levels.

You collected 42 gold pieces.

Inventory:

Hand Weapons
 a - a +0 war axe (weapon)
Armour
 b - a +0 scale mail (worn)
 c - a +0 buckler (worn)
 h - a +0 kite shield
 j - a +2 helmet (worn)
Jewellery
 i - a +6 ring of dexterity (left hand)
Scrolls
 e - 3 scrolls of identify {unknown}
 f - 2 scrolls of teleportation {unknown}
 g - a scroll of vulnerability {unknown}
Potions
 d - a potion of might
 k - a potion of curing {unknown}


   Skills:
 + Level 3.6 Fighting
 + Level 2.3 Axes
 + Level 3.6 Armour
 - Level 0.2 Stealth
 + Level 3.6 Shields


You had 2 spell levels left.
You didn't know any spells.
Your spell library contained the following spells:

 Spells                   Type           Power      Damage    Failure   Level
 Sandblast                Erth           0%         2d4       77%         1


Dungeon Overview and Level Annotations

Branches:
Dungeon (2/15)

Altars:

Shops:
D:2 *

Annotations:
D:2 Ijyb


Innate Abilities, Weirdness & Mutations

You are immune to sickness and miasma.
Your stone body is resilient. (AC +3)
You are immune to poison.
You resist negative energy. (rN+)
You are resistant to electric shocks. (rElec)
You are resistant to unholy torment.
You are immune to petrification.


Message History

You kill the goblin!
You hit the goblin but do no damage. The goblin hits you with a +0 dagger.
The goblin hits you but does no damage.
You barely miss Ijyb. You hit the goblin. x2
You kill the goblin!
The goblin hits you but does no damage. Ijyb hits you but does no damage.
The goblin barely misses you.
You closely miss the goblin.
The goblin is severely wounded.
You closely miss the goblin. You miss Ijyb. Ijyb hits you with a +0 dagger.
You block the goblin's attack.
You barely miss the goblin.
The goblin is heavily wounded.
You hit the goblin. You barely miss Ijyb. You hit the goblin.
The goblin hits you but does no damage. Ijyb hits you with a +0 dagger.
You block the goblin's attack. The goblin barely misses you.
You block the goblin's attack. Ijyb closely misses you.
You slash the goblin!
You kill the goblin!
You barely miss the goblin. You closely miss Ijyb. You miss the goblin.
The goblin hits you but does no damage. x2; Ijyb hits you but does no damage.
The goblin hits you but does no damage. The goblin closely misses you.
You closely miss the goblin.
The goblin is heavily wounded.
You barely miss Ijyb. You hit the goblin.
You kill the goblin!
Ijyb hits you but does no damage. The goblin hits you but does no damage.
You closely miss the goblin.
The goblin is heavily wounded.
You closely miss Ijyb. Ijyb hits you but does no damage.
The goblin hits you but does no damage. You block Ijyb's attack.
You completely miss the goblin.
The goblin is heavily wounded.
You hit Ijyb. The goblin closely misses you.
Ijyb zaps a wand.
You barely resist. The goblin hits you but does no damage.
You closely miss the goblin.
The goblin is heavily wounded.
You closely miss Ijyb.
Ijyb zaps a wand.
Your mind is blasted!
Ouch! That really hurt!
You die...

>#...#### #......#
....## #......# ....##
#......# # .....##
#......# .# ......###
####.### ..#
........######.####..#
...........).........###
#...#....#####..)g.....#
#..#<#....# #..@g.....#
#...#...#.# #.#8)....8#
........#.# #..#.......#
........#.##...#8.....8#
##.).##.......##.......#
###.....#.....#8.....8#
#........####.......#
####.###[....# #8.....8#
#....# .#...#


You could see Ijyb and a goblin.

Vanquished Creatures
  2 worms (D:2)
  An endoplasm (D:1)
  6 goblins
  A hobgoblin (D:1)
  3 jackals
  4 quokkas
  5 ball pythons
  A frilled lizard (D:1)
  3 kobolds
  3 rats
29 creatures vanquished.

Vanquished Creatures (others)
  A plant (D:2)
1 creature vanquished.

Grand Total: 30 creatures vanquished

Notes
Turn   | Place    | Note
-------+----------+-------------------------------------------
     0 | D:1      | bande the Gargoyle Fighter began the quest for the Orb.
     0 | D:1      | Reached XP level 1. HP: 14/14 MP: 1/1
   311 | D:1      | Reached XP level 2. HP: 19/19 MP: 2/2
   450 | D:1      | Found a faded altar of an unknown god.
   460 | D:1      | Got Plato's Catalogue of Earth
   885 | D:2      | Reached XP level 3. HP: 12/23 MP: 3/3
  1162 | D:2      | Found Battof's General Store.
  1337 | D:2      | Noticed Ijyb
  1350 | D:2      | Blown up by Ijyb

Illustrated notes

Levels and vault maps discovered:
D:1:      heliophobic_arrival_battle_scene, layout_loops_ring,
          shapermc_ecumenical_altar_rom_forum, minmay_misc_feat_diagonals
D:2:      kennysheep_the_goblin_king, layout_rooms, serial_bayou,
          serial_bayou_shore_b, serial_bayou_pond_e, serial_bayou_lagoon_b,
          serial_bayou_crossing, serial_shops, nicolae_shop_waterfront,
          st_stairs_14, uniq_terence

Skill      XL: |  1  2 |
---------------+-------+-----
Axes           | 2 |  2.3
Fighting       | |  3.6
Armour         | |  3.6
Stealth        | |  0.2
Shields        | |  3.6

Action                   || total
-------------------------++-------
Melee: War axe           ||    87
Armor: Scale mail        ||    54
Dodge: Dodged            ||    39
Block: Buckler           ||    22

Table legend: (Time is in decaauts)
 A = Elapsed time spent in this place.
 B = Non-inter-level travel time spent in this place.
 C = Inter-level travel time spent in this place.
 D = Time resting spent in this place.
 E = Time spent auto-exploring this place.
 F = Levels seen in this place.
 G = Mean time per level.
                   A        B        C        D        E       F      G
               +--------+--------+--------+--------+--------+-----+--------+
         Total |   1388 |   1360 |     28 |    240 |    875 |   2 |  694.0 |
       Dungeon |   1388 |   1360 |     28 |    240 |    875 |   2 |  694.0 |
               +--------+--------+--------+--------+--------+-----+--------+

Top non-repeatable levels by time:
     D:1: 839 daAuts
     D:2: 549 daAuts
